 Dungeon Crawl Stone Soup version 0.29-a0-542-g075992c915 (webtiles) character file.

Game seed: 10635745671171693854

602 dolemite99 the Quickloader (level 7, -2/56 HPs)
             Began as a Minotaur Hunter on June 4, 2022.
             Was a Believer of Makhleb.
             Slain by an ogre
             ... wielding a +0 giant club
              (21 damage)
             ... on level 5 of the Dungeon.
             The game lasted 00:04:22 (4342 turns).

dolemite99 the Quickloader (Minotaur Hunter)        Turns: 4342, Time: 00:04:22

Health: -2/56      AC: 10    Str: 16    XL:     7   Next: 18%
Magic:  6/6        EV: 11    Int:  6    God:    Makhleb [**....]
Gold:   225        SH:  0    Dex: 17    Spells: 6/6 levels left

rFire   . . .      SeeInvis .   a - +1 hand crossbow
rCold   . . .      Faith    .   h - orb {light}
rNeg    . . .      Spirit   .   d - +4 ring mail of Polish {Dex+2}
rPois   .          Reflect  .   (helmet restricted)
rElec   .          Harm     .   (no cloak)
rCorr   .          Rampage  .   x - +0 pair of gloves
Will    .....                   (no boots)
Stlth   +.........              (no amulet)
HPRegen 0.18/turn               (no ring)
MPRegen 0.10/turn               (no ring)

@: glowing
A: horns 2, retaliatory headbutt
a: Renounce Religion, Minor Destruction


You were on level 5 of the Dungeon.
You worshipped Makhleb.
Makhleb was pleased with you.
You visited 1 branch of the dungeon, and saw 5 of its levels.

You collected 225 gold pieces.

Inventory:

Hand Weapons
 a - a +1 hand crossbow (weapon)
 p - a +1 dagger of electrocution
 q - a +0 morningstar
Armour
 d - the +4 ring mail of Polish (worn) {Dex+2}
   (You found it on level 2 of the Dungeon)

   Dex:       It affects your dexterity (+2).
 g - a +0 chain mail
 h - an orb of light (worn)
 x - a +0 pair of gloves (worn)
Magical Staves
 o - a staff of air
Wands
 m - a wand of iceblast (5)
 y - a wand of paralysis (4)
Scrolls
 c - a scroll of immolation
 i - a scroll of amnesia
 t - 2 scrolls of teleportation
 w - a scroll of fear
Potions
 b - 2 potions of degeneration {unknown}
 e - a potion of haste {unknown}
 f - a potion of heal wounds
 j - 2 potions of curing {unknown}
 k - 2 potions of might {unknown}
 l - a potion of flight {unknown}
 n - 3 potions of attraction {unknown}
 s - a potion of lignification {unknown}
 v - a potion of mutation {unknown}


   Skills:
 + Level 2.5 Fighting
 - Level 9.6 Crossbows
 - Level 2.1 Dodging
 - Level 0.7 Stealth


You had 6 spell levels left.
You didn't know any spells.
Your spell library contained the following spells:

 Spells                   Type           Power      Damage    Failure   Level
 Freeze                   Ice            0%         1d3       67%         1
 Frozen Ramparts          Ice            0%         1d2       96%         3
 Hailstorm                Conj/Ice       0%         3d3       100%        4


Dungeon Overview and Level Annotations

Branches:
Dungeon (5/15)
 Temple: D:4-7

Altars:
Ashenzari
Dithmenos
Makhleb

Shops:
D:3 *


Innate Abilities, Weirdness & Mutations

You have a pair of horns on your head.
You reflexively headbutt those who attack you in melee.


Message History

You are too injured to fight recklessly!
Shoot: a) +1 hand crossbow
Press: ? - help, Q - select action, (/) - cycle Shift-Dir - straight line, f/p - ogre
Aim: an ogre, wielding a +0 giant club (moderately wounded, haloed, 94% to hit)
You shoot a bolt. The bolt hits the ogre.
The ogre is moderately wounded.
The ogre hits you with a +0 giant club!
* * * LOW HITPOINT WARNING * * *
Shoot: a) +1 hand crossbow
Press: ? - help, Q - select action, (/) - cycle Shift-Dir - straight line, f/p - ogre
Aim: an ogre, wielding a +0 giant club (moderately wounded, haloed, 94% to hit)
You shoot a bolt. The bolt hits the ogre.
The ogre is heavily wounded.
A scorpion comes into view.
You feel much better. The ogre hits you with a +0 giant club!
Shoot: a) +1 hand crossbow
Press: ? - help, Q - select action, (/) - cycle Shift-Dir - straight line, f/p - ogre
Aim: an ogre, wielding a +0 giant club (heavily wounded, haloed, 94% to hit)
You shoot a bolt. The bolt hits the ogre.
The ogre is severely wounded.
The ogre hits you with a +0 giant club!
Shoot: a) +1 hand crossbow
Press: ? - help, Q - select action, (/) - cycle Shift-Dir - straight line, f/p - ogre
Aim: an ogre, wielding a +0 giant club (severely wounded, haloed, 94% to hit)
You shoot a bolt. The bolt hits the ogre.
The ogre is severely wounded.
The ogre barely misses you.
Shoot: a) +1 hand crossbow
Press: ? - help, Q - select action, (/) - cycle Shift-Dir - straight line, f/p - ogre
Aim: an ogre, wielding a +0 giant club (severely wounded, haloed, 94% to hit)
You shoot a bolt. The bolt hits the ogre.
The ogre is almost dead.
Shoot: a) +1 hand crossbow
Press: ? - help, Q - select action, (/) - cycle Shift-Dir - straight line, f/p - ogre
Aim: an ogre, wielding a +0 giant club (almost dead, haloed, 94% to hit)
You shoot a bolt. The bolt hits the ogre.
The ogre is almost dead.
The scorpion stings you but does no damage.
The ogre hits you with a +0 giant club!!
You die...

####.########
#...........# .#
#.####..###.##.#
#.##...........#
#.##.#..###.##.#
#.##.#..###.# .#####.
##...........##.......
#.........###.O>..####
#.#######.# #.@.......
#.# #.# #..s...### #.#
#.# #...$..# #.# #.#
#......# #.# #.#
######.# #.# #.# ...
#.#######.# ##.
#.........#
#####.#####


You could see an ogre and a scorpion.

Vanquished Creatures
  Menkaure (D:5)
  An ogre (D:4)
  A necrophage (D:4)
  2 jellies
  2 hounds
  An iguana (D:5)
  An orc wizard (D:4)
  3 gnolls (D:5)
  5 adders
  An ufetubus (D:5)
  A worm (D:4)
  2 dart slugs (D:1)
  11 orcs
  4 endoplasms
  A giant cockroach (D:1)
  11 goblins
  7 hobgoblins
  6 jackals (D:4)
  4 quokkas
  5 ball pythons
  2 bats (D:3)
  5 frilled lizards
  7 kobolds
  8 rats
92 creatures vanquished.

Notes
Turn   | Place    | Note
-------+----------+-------------------------------------------
     0 | D:1      | dolemite99 the Minotaur Hunter began the quest for the Orb.
     0 | D:1      | Reached XP level 1. HP: 18/18 MP: 0/0
    93 | D:1      | Reached XP level 2. HP: 25/25 MP: 1/1
   117 | D:1      | Reached skill level 5 in Crossbows
   728 | D:2      | Identified the +4 ring mail of Polish {Dex+2}
   826 | D:2      | Reached XP level 3. HP: 30/30 MP: 2/2
  1029 | D:2      | You fall into a shaft and drop 1 floor!
  1571 | D:3      | Reached skill level 6 in Crossbows
  1578 | D:3      | Found Kexeed's Assorted Antiques.
  1875 | D:3      | Reached XP level 4. HP: 37/37 MP: 3/3
  2069 | D:3      | Found a faded altar of an unknown god.
  2075 | D:3      | Prayed at the altar of an unknown god.
  2075 | D:3      | Became a worshipper of Makhleb the Destroyer
  2075 | D:3      | Reached * piety under Makhleb
  2349 | D:4      | Found a shadowy altar of Dithmenos.
  2382 | D:4      | Noticed a necrophage
  2390 | D:4      | Killed a necrophage
  2391 | D:4      | Reached skill level 7 in Crossbows
  2391 | D:4      | Reached XP level 5. HP: 39/42 MP: 4/4
  2517 | D:4      | Noticed an ogre
  2524 | D:4      | Killed an ogre
  2525 | D:4      | Reached skill level 8 in Crossbows
  2525 | D:4      | Reached XP level 6. HP: 36/50 MP: 5/5
  2954 | D:4      | Found a broken altar of Ashenzari.
  3868 | D:5      | Entered Level 5 of the Dungeon
  3991 | D:5      | Reached ** piety under Makhleb
  3992 | D:5      | Reached skill level 9 in Crossbows
  4047 | D:5      | Noticed Menkaure
  4056 | D:5      | Killed Menkaure
  4057 | D:5      | Reached XP level 7. HP: 29/56 MP: 6/6
  4342 | D:5      | Slain by an ogre

Illustrated notes

Levels and vault maps discovered:
D:1:      eino_arrival_cavern_d, layout_basic, st_stairs_1, minivault_19,
          chequers_mini_garden, minmay_indecisive_spiral
D:2:      layout_basic
D:3:      layout_loops_cross, serial_shops, nicolae_shop_statue_plus,
          hellmonk_ecumenical_altar_arch_garden
D:4:      layout_gridville, ashenzari_altar_1, grunt_dithmenos_smoke,
          grunt_ministairs_3
D:5:      layout_loops_cross, marbit_many_paths, general_overflow_altar,
          uniq_menkaure

Skill      XL: |  1  2  3  4  5  6 |
---------------+-------------------+-----
Crossbows      | 5 6 7 8 9 |  9.6
Fighting       | |  2.5
Dodging        | |  2.1
Stealth        | |  0.7

Action                   |  1- 3 |  4- 6 |  7- 9 || total
-------------------------+-------+-------+-------++-------
Melee: Hand crossbow     |       |     1 |       ||     1
 Fire: Hand crossbow     |    94 |   134 |    11 ||   239
  Use: Scroll            |     3 |     4 |       ||     7
       Potion            |       |     2 |     1 ||     3
Armor: Chain mail        |     4 |       |       ||     4
       Ring mail         |     2 |    25 |     3 ||    30
Dodge: Dodged            |    13 |    48 |     1 ||    62

Table legend: (Time is in decaauts)
 A = Elapsed time spent in this place.
 B = Non-inter-level travel time spent in this place.
 C = Inter-level travel time spent in this place.
 D = Time resting spent in this place.
 E = Time spent auto-exploring this place.
 F = Levels seen in this place.
 G = Mean time per level.
                   A        B        C        D        E       F      G
               +--------+--------+--------+--------+--------+-----+--------+
         Total |   4411 |   4334 |     77 |   1485 |   2167 |   5 |  882.2 |
       Dungeon |   4411 |   4334 |     77 |   1485 |   2167 |   5 |  882.2 |
               +--------+--------+--------+--------+--------+-----+--------+

Top non-repeatable levels by time:
     D:4: 1573 daAuts
     D:3: 929 daAuts
     D:2: 721 daAuts
     D:1: 707 daAuts
     D:5: 479 daAuts
